 Dungeon Crawl Stone Soup version 0.22-a0-396-g3f858e37d3 (webtiles) character file.

50 Lorindel the Magician (level 3, 0/19 HPs)
             Began as a Deep Elf Wizard on Apr 26, 2018.
             Slain by a leopard gecko (4 damage)
             ... on level 2 of the Dungeon on May 4, 2018.
             The game lasted 00:14:11 (1596 turns).

Lorindel the Magician (Deep Elf Wizard)             Turns: 1596, Time: 00:14:11

Health: 0/19       AC:  2    Str:  4    XL:     3   Next: 55%
Magic:  1/12       EV: 13    Int: 23    God:
Gold:   87         SH:  0    Dex: 13    Spells: 1/14 levels left

rFire    . . .     SeeInvis .   (no weapon)
rCold    . . .     Gourm    .   (no shield)
rNeg     . . .     Faith    .   a - +0 robe
rPois    .         Spirit   .   b - +0 hat
rElec    .         Reflect  .   (no cloak)
rCorr    +         Harm     .   (no gloves)
MR       +....                  (no boots)
Stlth    ++........             (no amulet)
HPRegen  0.06/turn              i - ring of protection from magic
MPRegen  0.13/turn              k - ring of resist corrosion

@: very slightly contaminated
A: no striking features
a: no special abilities


You were on level 2 of the Dungeon.
You were not hungry.

You visited 1 branch of the dungeon, and saw 3 of its levels.

You collected 87 gold pieces.

Inventory:

Armour
 a - a +0 robe (worn)
 b - a +0 hat (worn)
Jewellery
 i - a ring of protection from magic (left hand)
 k - a ring of resist corrosion (right hand)
Scrolls
 c - a scroll of enchant armour {unknown}
 g - 6 scrolls of identify {unknown}
 h - a scroll of fog {unknown}
 j - a scroll of noise {unknown}
 m - a scroll of random uselessness {unknown}
 n - 2 scrolls of remove curse {unknown}
 p - 2 scrolls of amnesia {unknown}
 q - 2 scrolls of teleportation {unknown}
Potions
 e - 2 potions of magic {unknown}
 l - a potion of degeneration {unknown}
 o - a potion of berserk rage {unknown}
Comestibles
 d - 4 rations


   Skills:
 + Level 0.1 Fighting
 + Level 2.6 Dodging
 + Level 2.5 Stealth
 + Level 6.0 Spellcasting
 + Level 1.2 Conjurations
 + Level 0.0 Hexes
 * Level 1.3 Summonings
 + Level 1.1 Translocations
 + Level 0.0 Fire Magic
 + Level 0.0 Air Magic
 + Level 0.2 Poison Magic


You had one spell level left.
You knew the following spells:

 Your Spells              Type           Power        Failure   Level  Hunger
a - Magic Dart            Conj           ##..         5%          1    None
b - Blink                 Tloc           N/A          8%          2    None
c - Call Imp              Summ           ##......     8%          2    None
d - Slow                  Hex            #.......     13%         2    None
e - Conjure Flame         Conj/Fire      #.......     21%         3    #......
f - Mephitic Cloud        Conj/Pois/Air  #.......     21%         3    #......


Dungeon Overview and Level Annotations

Branches:
Dungeon (3/15)

Altars:

Annotations:
D:3 Sigmund


Message History

You hit the leopard gecko but do no damage.
The leopard gecko is moderately wounded.
The leopard gecko bites you.
You closely miss the leopard gecko.
The leopard gecko is moderately wounded.
The leopard gecko bites you.
You closely miss the leopard gecko.
The leopard gecko is lightly wounded.
The leopard gecko barely misses you.
You closely miss the leopard gecko.
The leopard gecko is lightly wounded.
The leopard gecko completely misses you.
The leopard gecko bites you.
* * * LOW HITPOINT WARNING * * *
You miss the leopard gecko.
The leopard gecko is lightly wounded.
The leopard gecko bites you.
* * * LOW HITPOINT WARNING * * *
The leopard gecko bites you.
You die...

#......#..#####...........#
###
#.......#.#...............#
##..
#.........................#
#...
#######.##.#####..........#
#..) #.##.# #..<.......###...
#.##.# ##########.#.....
#.##.########### #...#.#.
#.##.##........####.#...#.
#.#..##..@............###.
#.#..##>l....[.####.### #.
#.#..##).......# #.# ###.
###.#..#....###### #.# #...
#......#....####### #.###.#.
#......#..........###.....##
#......#.[>.###.............
#......#<รท..........#####...
#....#...(..................


You could see a leopard gecko.

Vanquished Creatures
  A ball python (D:1)
  5 goblins
  5 hobgoblins
  5 jackals (D:1)
  5 bats (D:1)
  3 frilled lizards
  8 kobolds
  3 rats
35 creatures vanquished.

Vanquished Creatures (collateral kills)
  A worm (D:2)
  A leopard gecko (D:2)
  A hobgoblin (D:2)
  5 jackals
  2 frilled lizards
  A kobold (D:2)
11 creatures vanquished.

Grand Total: 46 creatures vanquished

Notes
Turn   | Place    | Note
-------+----------+-------------------------------------------
     0 | D:1      | Lorindel the Deep Elf Wizard began the quest for the Orb.
     0 | D:1      | Reached XP level 1. HP: 10/10 MP: 7/7
    85 | D:1      | Reached skill level 5 in Spellcasting
   196 | D:1      | Reached XP level 2. HP: 15/15 MP: 6/10
   200 | D:1      | Learned a level 2 spell: Blink
   203 | D:1      | Learned a level 2 spell: Call Imp
   206 | D:1      | Learned a level 2 spell: Slow
   931 | D:2      | Reached XP level 3. HP: 19/19 MP: 10/12
   936 | D:2      | Reached skill level 6 in Spellcasting
   951 | D:2      | Upgraded the game from 0.22-a0-374-g5dfd9e3911 to 0.22-a0-396-g3f858e37d3
   985 | D:2      | Learned a level 3 spell: Conjure Flame
   989 | D:2      | Learned a level 3 spell: Mephitic Cloud
  1470 | D:3      | Noticed a centaur
  1586 | D:3      | Noticed Sigmund
  1596 | D:2      | Slain by a leopard gecko

Vault maps used:
D:1:      elethiomel_arrival_quiet
D:3:      first_ration, minmay_misc_feat_doors, kennysheep_generic_room_3,
          uniq_grinder, uniq_sigmund

Skill      XL: |  1  2  3 |
---------------+----------+-----
Spellcasting   | 5 6 |  6.0
Fighting       | |  0.1
Dodging        | |  2.6
Stealth        | |  2.5
Conjurations   | |  1.2
Summonings     | |  1.3
Translocations | |  1.1
Poison Magic   | |  0.2

Action                   || total
-------------------------++-------
Melee: Unarmed           ||    11
 Cast: Magic Dart        ||    78
       Call Imp          ||    10
       Conjure Flame     ||     2
       Mephitic Cloud    ||     2
       Slow              ||     1
  Eat: Chunk             ||     2
Armor: Robe              ||     4
Dodge: Dodged            ||    33

Table legend:
 A = Spawn XP
 B = Non-spawn XP
 C = Spawn XP percentage of total XP
 D = Spawn monster count
 E = Non-spawn monster count
 F = Spawn count percentage of total count
 G = Total turns spent on level
                    A         B        C        D         E        F      G
               +---------+---------+-------+---------+---------+-------+---------
         Total |       0 |      72 |   0.0 |       0 |      46 |   0.0 |  1596
               +---------+---------+-------+---------+---------+-------+---------
           D:1 |       0 |      40 |   0.0 |       0 |      25 |   0.0 |   930
           D:2 |       0 |      31 |   0.0 |       0 |      20 |   0.0 |   635
           D:3 |       0 |       1 |   0.0 |       0 |       1 |   0.0 |    31
               +---------+---------+-------+---------+---------+-------+---------
